 Dungeon Sprint DCSS version 0.19-a0-376-gf780d9b (webtiles) character file.

97 namelastname112 the Sneak (level 4, -5/35 HPs)
             Began as a Vampire Enchanter on May 30, 2016.
             Slain by a deep elf mage
             ... wielding a +1 long sword of holy wrath
              (9 damage)
             ... in the Dungeon (Sprint III: "The Ten Rune Challenge").
             The game lasted 00:02:04 (672 turns).

namelastname112 the Sneak (Vampire Enchanter)        Turns: 672, Time: 00:02:05

Health: -5/35      AC:  3    Str:  7    XL:     4   Next: 42%
Magic:  3/9        EV: 14    Int: 17    God:
Gold:   18         SH:  0    Dex: 15    Spells: 3 memorised, 4 levels left

rFire  . . .     SeeInvis +     a - +1 dagger
rCold  . . .     Gourm    .     b - +1 robe
rNeg   + . .     Faith    .     (no shield)
rPois  .         Spirit   .     (no helmet)
rElec  .         Dismiss  .     (no cloak)
rCorr  .         Reflect  .     (no gloves)
SustAt .         Harm     .     (no boots)
MR     .....     NoTele   +     (no amulet)
Stlth  ++++......               (no ring)
                                (no ring)

@: very slightly contaminated, not resistant to hostile enchantments, stealthy
A: fangs 3, see invisible, unbreathing
a: Bat Form


You were in the Dungeon.
You were not thirsty.

You visited 1 branch You collected 18 gold pieces.

Inventory:

Hand Weapons
 a - a +1 dagger (weapon)
Armour
 b - a +1 robe (worn)
Scrolls
 k - a scroll of holy word {unknown}
 l - a scroll of fog {unknown}
 m - 2 scrolls of remove curse {unknown}
 o - a scroll of torment {unknown}
 p - a scroll of identify {unknown}
Potions
 d - a potion of blood
 e - 4 potions of flight
 f - 2 potions of mutation {unknown}
 g - a potion of haste
 h - 2 potions of magic
 i - a potion of berserk rage
 n - 3 potions of cure mutation
Books
 c - a book of Maledictions

   Spells                             Type                      Level
   a - Corona                         Hexes                        1
   b - Ensorcelled Hibernation        Hexes/Ice                    2
   c - Confuse                        Hexes                        3
   d - Tukima's Dance                 Hexes                        3
   e - Dazzling Spray                 Conjuration/Hexes            3


   Skills:
 + Level 3.0 Fighting
 + Level 3.9 Short Blades
 + Level 4.3 Dodging
 + Level 7.0 Stealth
 + Level 3.8 Spellcasting
 + Level 6.7 Hexes


You had 4 spell levels left.
You knew the following spells:

 Your Spells              Type           Power        Failure   Level  Hunger
a - Corona                Hex            ####...      1%          1    None
x - Confuse               Hex            ####....     3%          3    ###....
z - Ensorcelled Hibernat  Hex/Ice        ##....       10%         2    ##.....


Dungeon Overview and Level Annotations

Branches:
Dungeon (1/1)

Altars:
Elyvilon
Zin
The Shining One


Innate Abilities, Weirdness & Mutations

You have razor-sharp teeth.
You have supernaturally acute eyesight. (SInv)
You can survive without breathing.


Message History

Confirm with . or Enter, or press ? or * to list all spells.
Aiming: Confuse
Press: ? - help, Shift-Dir - straight line, f/p - deep elf mage
Aim: a deep elf mage, wielding a long sword of holy wrath (chance to defeat MR: 37%)
The deep elf mage appears confused.
You now have 3/9 mp.
You hit the deep elf mage.
The deep elf mage is lightly wounded.
The deep elf mage hits you with a long sword of holy wrath.
You convulse.
* * * LOW HITPOINT WARNING * * *
You take 9 damage, and have 9/35 hp.
MASSIVE DAMAGE!!
You hit the deep elf mage.
The deep elf mage is lightly wounded.
You hit the deep elf mage.
The deep elf mage is lightly wounded.
The deep elf mage hits you with a long sword of holy wrath.
* * * LOW HITPOINT WARNING * * *
You convulse!
You die...

▓▓▓▓▓ ▓▓▓ #[..####
##.#####
#......#####..#e__#
#)......#%%#..#!@.#
##.##.§.#..#..###'#+###+
##.###..##'#..#..........
###.##..###...+.⌠........
#..##..####...#...######+
...##..###....#.⌠.#
..##...##.E...#...#
.##....#......#+###
###..##.#..†..#


You could see a deep elf mage (confused).

Vanquished Creatures
  A scorpion (D)
  Jessica (D)
  A human (D)
  An ooze (D)
  2 rats (D)
6 creatures vanquished.

Vanquished Creatures (others)
  2 draconian scorchers (D)
  A yaktaur (D)
  6 hellions (D)
9 creatures vanquished.

Grand Total: 15 creatures vanquished

Notes
Turn   | Place    | Note
--------------------------------------------------------------
     0 | D        | namelastname112 the Vampire Enchanter began the quest for the Orb.
     0 | D        | Reached XP level 1. HP: 13/13 MP: 3/3
    14 | D        | Reached skill level 1 in Fighting
    18 | D        | Killed a yaktaur
    83 | D        | Noticed Jessica
   106 | D        | Killed Jessica
   106 | D        | Reached skill level 5 in Stealth
   106 | D        | Reached skill level 5 in Hexes
   106 | D        | Reached XP level 2. HP: 14/22 MP: 4/6
   106 | D        | Reached XP level 3. HP: 18/27 MP: 4/7
   108 | D        | Killed a hellion
   109 | D        | Killed a hellion
   109 | D        | Killed a hellion
   110 | D        | Killed a hellion
   118 | D        | Killed a hellion
   144 | D        | Killed a hellion
   201 | D        | Learned a level 3 spell: Confuse
   201 | D        | Killed a white draconian scorcher
   201 | D        | Killed a white draconian scorcher
   204 | D        | Learned a level 2 spell: Ensorcelled Hibernation
   215 | D        | Noticed a scorpion
   218 | D        | Killed a scorpion
   218 | D        | Reached skill level 6 in Stealth
   218 | D        | Reached XP level 4. HP: 34/34 MP: 7/9
   223 | D        | Reached skill level 7 in Stealth
   258 | D        | Noticed a water elemental
   278 | D        | jacquesderrida: эменталь самый слодный
   664 | D        | Found a glowing silver altar of Zin.
   665 | D        | Found a glowing golden altar of the Shining One.
   665 | D        | Found a white marble altar of Elyvilon.
   665 | D        | Noticed a deep elf mage
   672 | D        | Slain by a deep elf mage

Vault maps used:
D:        dungeon_sprint_mu

Skill      XL: |  1  2  3  4 |
---------------+-------------+-----
Fighting       | 2 3 |  3.0
Short Blades   | 2 3 |  3.9
Dodging        | 3 4 |  4.3
Stealth        | 5 6 7 |  7.0
Spellcasting   | 3 |  3.8
Hexes          | 5 6 |  6.7

Action                   |  1- 3 |  4- 6 || total
-------------------------+-------+-------++-------
Melee: Dagger            |    20 |    11 ||    31
       Bite              |     2 |       ||     2
 Cast: Confuse           |       |     1 ||     1
       Ensorcelled Hiber |       |     1 ||     1
  Use: Potion            |     2 |     1 ||     3
       Scroll            |       |     1 ||     1
 Stab: Sleeping          |     2 |     1 ||     3
Armor: Robe              |     4 |     1 ||     5
Dodge: Dodged            |     7 |     5 ||    12
